 Dungeon Crawl Stone Soup version 0.19.1-1-g22dce08 (webtiles) character file.

70 Jerry the Slasher (level 4, -1/23 HPs)
             Began as a Vine Stalker Gladiator on Jan 3, 2017.
             Slain by an orc
             ... wielding a +1 dagger of electrocution
              (13 damage)
             ... on level 3 of the Dungeon.
             The game lasted 00:02:29 (1495 turns).

Jerry the Slasher (Vine Stalker Gladiator)          Turns: 1495, Time: 00:02:32

Health: -1/23      AC:  4    Str: 17    XL:     4   Next: 21%
Magic:  0/14       EV: 13    Int:  8    God:
Gold:   130        SH:  0    Dex: 16    Spells: 0 memorised, 3 levels left

rFire  . . .     SeeInvis .     k - +1 short sword (speed)
rCold  . . .     Gourm    .     b - +0 leather armour
rNeg   . . .     Faith    .     (no shield)
rPois  .         Spirit   +     c - +0 helmet
rElec  .         Reflect  .     (no cloak)
rCorr  .         Harm     .     (no gloves)
MR     +....                    (no boots)
Stlth  +.........               (no amulet)
                                p - ring of magical power
                                i - ring of protection from magic

@: no status effects
A: fangs 2, regeneration 1, magic shield, antimagic bite, no device heal 3, rot
immunity
a: no special abilities


You were on level 3 of the Dungeon.
You were not hungry.

You visited 1 branch of the dungeon, and saw 3 of its levels.

You collected 130 gold pieces.

Inventory:

Hand Weapons
 a - a +0 long sword
 k - a +1 short sword of speed (weapon)
Missiles
 d - 3 throwing nets (quivered)
Armour
 b - a +0 leather armour (worn)
 c - a +0 helmet (worn)
Jewellery
 i - a ring of protection from magic (left hand)
 p - a ring of magical power (right hand)
Scrolls
 q - a scroll of enchant armour {unknown}
 r - a scroll of random uselessness {unknown}
 t - a scroll of amnesia {unknown}
 w - a scroll of enchant weapon {unknown}
 x - a scroll of recharging {unknown}
Potions
 e - a potion of magic {unknown}
 h - a potion of cure mutation {unknown}
 j - 2 potions of brilliance {unknown}
 l - a potion of degeneration {unknown}
 o - a potion of berserk rage {unknown}
 v - a potion of lignification {unknown}
 z - a potion of curing {unknown}
Comestibles
 f - 3 bread rations
 g - a slice of pizza
 m - 2 chunks of flesh
 n - 2 fruits
 s - a beef jerky
 u - a meat ration


   Skills:
 + Level 2.5 Fighting
 + Level 3.1 Long Blades
 - Level 1.7 Throwing
 + Level 1.0 Armour
 + Level 3.0 Dodging


You had 3 spell levels left.
You didn't know any spells.

Dungeon Overview and Level Annotations

Branches:
Dungeon (3/15)

Altars:


Innate Abilities, Weirdness & Mutations

You have extremely sharp teeth.
Your natural rate of healing is unusually fast.
When hurt, damage is shared between your health and your magic reserves.
Your bite disrupts and absorbs the magic of your enemies.
Potions and wands cannot restore your health.
You are immune to rotting.


Message History

A bullfrog and an orc come into view.
The bullfrog gives a loud, deep croak!
The ooze barely misses you. The bat barely misses you.
Found a glass ring.
The orc shouts!
You hit the ooze but do no damage. The bat misses you. The ooze hits you.
You hit the ooze. You bite the ooze. You drain its power.
You feel invigorated.
The ooze is severely wounded.
The bat hits you but does no damage. The ooze barely misses you.
The orc hits you but does no damage.
You are electrocuted!
You hit the ooze but do no damage. Your bite misses the ooze.
The ooze is severely wounded.
The bat hits you but does no damage.
You hit the ooze.
You kill the ooze!
The bat hits you but does no damage.
The orc hits you with a dagger of electrocution.
You are electrocuted!
Ouch! That really hurt!
You die...

..>. .#
....########.
=......>....#
...........<#
............##
.............##
......bo..(...#
#oF@...†#
#....<..#
....#####..#
.... ##.# ...
..# .. #.# . .#
.. ...


You could see a bullfrog, 2 orcs and a bat.

Vanquished Creatures
  2 adders (D:2)
  An ooze (D:3)
  2 worms (D:2)
  A dart slug (D:2)
  8 bats
  3 giant cockroaches
  2 goblins (D:1)
  2 hobgoblins
  3 jackals (D:2)
  2 frilled lizards
  6 kobolds
  5 rats
37 creatures vanquished.

Notes
Turn   | Place    | Note
-------+----------+-------------------------------------------
     0 | D:1      | Jerry the Vine Stalker Gladiator began the quest for the Orb.
     0 | D:1      | Reached XP level 1. HP: 11/11 MP: 2/2
   387 | D:1      | Reached XP level 2. HP: 15/15 MP: 3/3
   912 | D:2      | Reached XP level 3. HP: 17/18 MP: 4/4
  1288 | D:2      | Reached skill level 1 in Armour
  1288 | D:2      | Gained mutation: Your natural rate of healing is unusually fast. [Vine Stalker growth]
  1288 | D:2      | Reached XP level 4. HP: 21/23 MP: 5/5
  1491 | D:3      | Noticed a bullfrog
  1495 | D:3      | Slain by an orc

Skill      XL: |  1  2  3 |
---------------+----------+-----
Fighting       | 2 |  2.5
Long Blades    | 3 |  3.1
Armour         | 1 |  1.0
Dodging        | 3 |  3.0
Throwing       | |  1.7

Action                   |  1- 3 |  4- 6 || total
-------------------------+-------+-------++-------
Melee: Long sword        |    11 |       ||    11
       Bite              |    33 |     1 ||    34
       Short sword       |    84 |     5 ||    89
 Stab: Sleeping          |     3 |     1 ||     4
  Eat: Chunk             |     1 |     1 ||     2
Armor: Leather armour    |    21 |     4 ||    25
Dodge: Dodged            |    43 |     4 ||    47
       Rpst.: Long sword |     3 |       ||     3
